NCAA
GEORGETOWN HOYAS @ TEXAS LONGHORNS
05/21/2024
 
TOP OF THE 1ST
Georgetown Hoyas batting - Pitching for Texas Longhorns : RHP Robby Marson
Pitching: RHP Robby Marson
Batting: LHB Ken Bullard 0-0: Ball
1-0: Swinging Strike
1-1: Called Strike
1-2: Strikes out swinging
Batting: SHB Edward Weber 0-0: Ball
1-0: Ball
2-0: Swinging Strike
2-1: Swinging Strike
2-2: Foul Ball, location: 2F
2-2: Strikes out swinging
Batting: LHB Alan McGilroy 0-0: Foul Ball, location: 2F
0-1: Ground out 4-3 (Groundball, 34)
Top of the 1st over - 0 run(s), 0 hit(s), 0 error(s), 0 left on base; Georgetown 0 - Texas 0
BOTTOM OF THE 1ST
Texas Longhorns batting - Pitching for Georgetown Hoyas : RHP Joe Morgan
Pitching: RHP Joe Morgan
Batting: LHB Jon Rogers 0-0: Ball
1-0: Ball
2-0: Ball
3-0: Base on Balls
Batting: RHB Rich Henley 0-0: Called Strike
0-1: SINGLE (Groundball, 4MD)
Jon Rogers to second
Runner from 2nd tries for 3rd, OUT!
Rich Henley to second
Batting: LHB Gabriel Ortíz 0-0: Ball
1-0: Ground out 6-3 (Groundball, 6M)
Rich Henley to third
Batting: LHB Ernesto López 0-0: Ball
1-0: Foul Ball, location: 2F
1-1: Ball
2-1: Swinging Strike
2-2: Foul Ball, location: 2F
2-2: Foul Ball, location: 2F
2-2: Foul Ball, location: 2F
2-2: Strikes out swinging
Bottom of the 1st over - 0 run(s), 1 hit(s), 0 error(s), 1 left on base; Georgetown 0 - Texas 0
TOP OF THE 2ND
Georgetown Hoyas batting - Pitching for Texas Longhorns : RHP Robby Marson
Batting: SHB Jeffrey MacNeill 0-0: Called Strike
0-1: Ball
1-1: Foul Ball, location: 2F
1-2: Strikes out swinging
Batting: SHB Emmett Kinch 0-0: Called Strike
0-1: Ball
1-1: Ball
2-1: Ball
3-1: Foul Ball, location: 2F
3-2: Foul Ball, location: 2F
3-2: Base on Balls
Batting: LHB Matt Sullivan 0-0: Ball
1-0: Ball
2-0: Swinging Strike
2-1: Swinging Strike
2-2: Ball
3-2: Foul Ball, location: 2F
3-2: SINGLE (Line Drive, 4M)
Emmett Kinch to second
Batting: RHB Luis Flores 0-0: Ball
1-0: Ball
2-0: Foul Ball, location: 2F
2-1: Ball
3-1: Foul Ball, location: 2F
3-2: Strikes out swinging
Batting: RHB Bob Lee 0-0: Called Strike
0-1: Ball
1-1: Ball
2-1: Fly out, F8 (Flyball, 8LS)
Top of the 2nd over - 0 run(s), 1 hit(s), 0 error(s), 2 left on base; Georgetown 0 - Texas 0
BOTTOM OF THE 2ND
Texas Longhorns batting - Pitching for Georgetown Hoyas : RHP Joe Morgan
Batting: LHB Gerald Galloway 0-0: Ball
1-0: Foul Ball, location: 2F
1-1: Ground out 1-3 (Groundball, 25)
Batting: RHB Shane O'Higgins 0-0: Called Strike
0-1: Swinging Strike
0-2: Fly out, F6 (Popup, 6M)
Batting: SHB Ron Taylor 0-0: Called Strike
0-1: Fly out, F7 (Flyball, 78M)
Bottom of the 2nd over - 0 run(s), 0 hit(s), 0 error(s), 0 left on base; Georgetown 0 - Texas 0
TOP OF THE 3RD
Georgetown Hoyas batting - Pitching for Texas Longhorns : RHP Robby Marson
Batting: RHB John Stewart 0-0: Ground out 6-3 (Groundball, 56)
Batting: LHB Ken Bullard 0-0: Ball
1-0: Ground out 4-3 (Groundball, 4)
Batting: SHB Edward Weber 0-0: Ball
1-0: Swinging Strike
1-1: Called Strike
1-2: Ball
2-2: Strikes out swinging
Top of the 3rd over - 0 run(s), 0 hit(s), 0 error(s), 0 left on base; Georgetown 0 - Texas 0
BOTTOM OF THE 3RD
Texas Longhorns batting - Pitching for Georgetown Hoyas : RHP Joe Morgan
Batting: RHB Jeff Blanton 0-0: Ball
1-0: Called Strike
1-1: Fly out, F7 (Flyball, 78M)
Batting: RHB Eugene Salazar 0-0: Ball
1-0: Foul Ball, location: 2F
1-1: Swinging Strike
1-2: Ball
2-2: SINGLE (Groundball, 56D)
Batting: LHB Jon Rogers 0-0: Called Strike
0-1: Called Strike
0-2: Foul Ball, location: 2F
0-2: Ball
1-2: Ball
2-2: Ball
3-2: Foul Ball, location: 2F
3-2: Foul Ball, location: 2F
3-2: Foul Ball, location: 2F
3-2: Foul Ball, location: 2F
3-2: Base on Balls
Eugene Salazar to second
Batting: RHB Rich Henley 0-0: Ball
1-0: Ball
2-0: Foul Ball, location: 2F
2-1: Called Strike
2-2: SINGLE (Line Drive, 78S)
Eugene Salazar to third
Jon Rogers to second
Runner from 3rd tries for Home, SAFE, throw made home
Batting: LHB Gabriel Ortíz 0-0: Called Strike
0-1: Foul Ball, location: 2F
0-2: Fly out, F9 (Line Drive, 9M)
Runner from 2nd tags up, SAFE at 3rd with throw
Batting: LHB Ernesto López 0-0: Called Strike
0-1: 3-RUN HOME RUN (Flyball, 89XD), Distance : 373 ft
Batting: LHB Gerald Galloway 0-0: Ball
1-0: Ball
2-0: Swinging Strike
2-1: Foul Ball, location: 2F
2-2: Ground out 4-3 (Groundball, 4)
Bottom of the 3rd over - 4 run(s), 3 hit(s), 0 error(s), 0 left on base; Georgetown 0 - Texas 4
TOP OF THE 4TH
Georgetown Hoyas batting - Pitching for Texas Longhorns : RHP Robby Marson
Batting: LHB Alan McGilroy 0-0: Ball
1-0: Ball
2-0: Ball
3-0: Called Strike
3-1: Base on Balls
Batting: SHB Jeffrey MacNeill 0-0: Ball
1-0: Swinging Strike
1-1: Ball
2-1: Called Strike
2-2: Strikes out swinging
Batting: SHB Emmett Kinch 0-0: Called Strike
0-1: Called Strike
Alan McGilroy steals 2nd base
0-2: Ball
1-2: Ground out 1-3 (Groundball, 13S)
Alan McGilroy to third
Batting: LHB Matt Sullivan 0-0: Ball
1-0: Swinging Strike
1-1: Ball
2-1: Foul Ball, location: 2F
2-2: Strikes out looking
Top of the 4th over - 0 run(s), 0 hit(s), 0 error(s), 1 left on base; Georgetown 0 - Texas 4
BOTTOM OF THE 4TH
Texas Longhorns batting - Pitching for Georgetown Hoyas : RHP Joe Morgan
Batting: RHB Shane O'Higgins 0-0: Swinging Strike
0-1: Called Strike
0-2: Ball
1-2: Fly out, F9 (Line Drive, 89M)
Batting: SHB Ron Taylor 0-0: Called Strike
0-1: Ball
1-1: Ball
2-1: Foul Ball, location: 2F
2-2: Foul Ball, location: 2F
2-2: Ball
3-2: Foul Ball, location: 2F
3-2: Base on Balls
Pitching: RHP Andrew Tofts
Batting: RHB Jeff Blanton 0-0: Ball
1-0: Called Strike
1-1: Ball
2-1: Foul Ball, location: 2F
2-2: Fly out, F8 (Line Drive, 8RM)
Batting: RHB Eugene Salazar 0-0: Called Strike
0-1: Ball
1-1: Foul Ball, location: 2F
1-2: Ball
2-2: Ground out 6-3 (Groundball, 6)
Bottom of the 4th over - 0 run(s), 0 hit(s), 0 error(s), 1 left on base; Georgetown 0 - Texas 4
TOP OF THE 5TH
Georgetown Hoyas batting - Pitching for Texas Longhorns : RHP Robby Marson
Batting: RHB Luis Flores 0-0: Called Strike
0-1: Swinging Strike
0-2: Ball
1-2: Ball
2-2: Ball
3-2: Foul Ball, location: 2F
3-2: Base on Balls
Batting: RHB Bob Lee 0-0: Called Strike
0-1: Swinging Strike
0-2: Fly out, F8 (Flyball, 8LM)
Batting: RHB John Stewart 0-0: Called Strike
Luis Flores steals 2nd base
0-1: Ball
1-1: Called Strike
1-2: Ball
2-2: Ground out 5-3 (Groundball, 56)
Pitching: RHP Armando Alvarado
Batting: LHB Ken Bullard 0-0: Swinging Strike
0-1: Fly out, F9 (Flyball, 8RD)
Top of the 5th over - 0 run(s), 0 hit(s), 0 error(s), 1 left on base; Georgetown 0 - Texas 4
BOTTOM OF THE 5TH
Texas Longhorns batting - Pitching for Georgetown Hoyas : RHP Andrew Tofts
Batting: LHB Jon Rogers 0-0: Called Strike
0-1: Fly out, F7 (Flyball, 7S)
Batting: RHB Rich Henley 0-0: Ball
1-0: Swinging Strike
1-1: Called Strike
1-2: Strikes out looking
Batting: LHB Gabriel Ortíz 0-0: Called Strike
0-1: Swinging Strike
0-2: Fly out, F7 (Flyball, 78M)
Bottom of the 5th over - 0 run(s), 0 hit(s), 0 error(s), 0 left on base; Georgetown 0 - Texas 4
TOP OF THE 6TH
Georgetown Hoyas batting - Pitching for Texas Longhorns : RHP Armando Alvarado
Batting: SHB Edward Weber 0-0: Ball
1-0: Swinging Strike
1-1: Called Strike
1-2: Ball
2-2: Strikes out swinging
Batting: LHB Alan McGilroy 0-0: Ball
1-0: Foul Ball, location: 2F
1-1: SOLO HOME RUN (Flyball, 9D), Distance : 364 ft
Batting: SHB Jeffrey MacNeill 0-0: Ball
1-0: Foul Ball, location: 2F
1-1: Ball
2-1: Swinging Strike
2-2: Strikes out swinging
Batting: SHB Emmett Kinch 0-0: Fly out, F6 (Line Drive, 6M)
Top of the 6th over - 1 run(s), 1 hit(s), 0 error(s), 0 left on base; Georgetown 1 - Texas 4
BOTTOM OF THE 6TH
Texas Longhorns batting - Pitching for Georgetown Hoyas : RHP Andrew Tofts
Batting: LHB Ernesto López 0-0: Ball
1-0: SINGLE (Groundball, 4MD)
Batting: LHB Gerald Galloway 0-0: SINGLE (Groundball, 34D)
Ernesto López to second
Throwing error, E9
Ernesto López scores
Gerald Galloway to second
Batting: RHB Shane O'Higgins 0-0: Ball
1-0: Ball
2-0: Ball
3-0: Fly out, F9 (Flyball, 89S)
Batting: SHB Ron Taylor 0-0: Called Strike
0-1: Called Strike
0-2: Ball
1-2: Ball
2-2: Foul Ball, location: 2F
2-2: Foul Ball, location: 2F
2-2: Ball
3-2: Foul Ball, location: 2F
3-2: Foul Ball, location: 2F
3-2: Foul Ball, location: 2F
3-2: Base on Balls
Batting: RHB Jeff Blanton 0-0: Hit by Pitch
Gerald Galloway to third
Ron Taylor to second
Batting: RHB Eugene Salazar 0-0: Ball
1-0: Ball
2-0: Ball
3-0: Base on Balls
Gerald Galloway scores
Ron Taylor to third
Jeff Blanton to second
Batting: LHB Jon Rogers 0-0: Fly out, F9 (Flyball, 89M)
Runner from 3rd tags up, SCORES, throw made
Pitching: LHP Joseph Elliott
Batting: RHB Rich Henley 0-0: Ball
1-0: Called Strike
1-1: 3-RUN HOME RUN (Line Drive, 7D), Distance : 362 ft
Batting: LHB Gabriel Ortíz 0-0: Ball
1-0: SINGLE (Groundball, 6M)
Batting: LHB Ernesto López 0-0: Ball
1-0: Ball
Gabriel Ortíz steals 2nd base
2-0: Called Strike
2-1: SINGLE (Groundball, 34D)
Gabriel Ortíz to third
Runner from 3rd tries for Home, SAFE, no throw or cutoff
Batting: LHB Gerald Galloway 0-0: Ball
1-0: Called Strike
1-1: Ball
2-1: Ball
3-1: Called Strike
Ernesto López steals 2nd base
3-2: Base on Balls
Batting: RHB Shane O'Higgins 0-0: Foul Ball, location: 2F
0-1: Foul Ball, location: 2F
0-2: Ball
1-2: Fly out, F8 (Flyball, 8LM)
Bottom of the 6th over - 7 run(s), 5 hit(s), 1 error(s), 2 left on base; Georgetown 1 - Texas 11
TOP OF THE 7TH
Georgetown Hoyas batting - Pitching for Texas Longhorns : RHP Armando Alvarado
Batting: LHB Matt Sullivan 0-0: Called Strike
0-1: Ball
1-1: Ball
2-1: Ball
3-1: Base on Balls
Batting: RHB Luis Flores 0-0: Ball
1-0: Ball
2-0: Ground out 3-1 (Groundball, 34)
Matt Sullivan to second
Batting: RHB Bob Lee 0-0: Ground out 4-3 (Groundball, 34)
Matt Sullivan to third
Batting: RHB John Stewart 0-0: Ball
Wild Pitch!
Matt Sullivan scores
1-0: Called Strike
1-1: Foul Ball, location: 2F
1-2: Ball
2-2: SOLO HOME RUN (Flyball, 7LD), Distance : 324 ft
Batting: LHB Ken Bullard 0-0: Swinging Strike
0-1: Swinging Strike
0-2: Fly out, F8 (Flyball, 8RM)
Top of the 7th over - 2 run(s), 1 hit(s), 0 error(s), 0 left on base; Georgetown 3 - Texas 11
BOTTOM OF THE 7TH
Texas Longhorns batting - Pitching for Georgetown Hoyas : LHP Joseph Elliott
Batting: SHB Ron Taylor 0-0: SOLO HOME RUN (Flyball, 89XD), Distance : 370 ft
Pitching: RHP Kyle O'Brien
Batting: RHB Jeff Blanton 0-0: Ball
1-0: Called Strike
1-1: Ball
2-1: SOLO HOME RUN (Flyball, 7D), Distance : 349 ft
Batting: RHB Eugene Salazar 0-0: Foul Ball, location: 2F
0-1: Ball
1-1: Foul Ball, location: 2F
1-2: Foul Ball, location: 2F
1-2: Ball
2-2: Ball
3-2: Base on Balls
Batting: LHB Jon Rogers Pickoff Throw to First - Error! E1
Eugene Salazar to second
0-0: Swinging Strike
0-1: Foul Ball, location: 2F
0-2: Ball
1-2: Ball
2-2: Ground out 4-3 (Groundball, 4M)
Eugene Salazar to third
Batting: RHB Rich Henley 0-0: Ground out 1-3 (Groundball, 13)
Batting: LHB Gabriel Ortíz 0-0: Ball
1-0: Fly out, F3 (Line Drive, 34)
Bottom of the 7th over - 2 run(s), 2 hit(s), 1 error(s), 1 left on base; Georgetown 3 - Texas 13
TOP OF THE 8TH
Georgetown Hoyas batting - Pitching for Texas Longhorns : RHP Armando Alvarado
Pitching: RHP Claudio Mata
Batting: SHB Edward Weber 0-0: Called Strike
0-1: Called Strike
0-2: Foul Ball, location: 2F
0-2: Ball
1-2: Ball
2-2: Ball
3-2: Strikes out swinging
Batting: LHB Alan McGilroy 0-0: Ball
1-0: Ball
2-0: Called Strike
2-1: Called Strike
2-2: Strikes out swinging
Batting: SHB Jeffrey MacNeill 0-0: Swinging Strike
0-1: Foul Ball, location: 2F
0-2: Strikes out looking
Top of the 8th over - 0 run(s), 0 hit(s), 0 error(s), 0 left on base; Georgetown 3 - Texas 13
BOTTOM OF THE 8TH
Texas Longhorns batting - Pitching for Georgetown Hoyas : RHP Kyle O'Brien
Batting: LHB Ernesto López 0-0: Called Strike
0-1: Foul Ball, location: 2F
0-2: Strikes out looking
Batting: LHB Gerald Galloway 0-0: Ball
1-0: Ball
2-0: Ball
3-0: Base on Balls
Batting: RHB Shane O'Higgins 0-0: Ball
1-0: Ball
2-0: SINGLE (Flyball, 89M)
Gerald Galloway to second
Batting: SHB Ron Taylor 0-0: 3-RUN HOME RUN (Flyball, 7LD), Distance : 317 ft
Pitching: LHP Edgardo Sandaval
Batting: RHB Jeff Blanton 0-0: Ball
1-0: Ball
2-0: Ball
3-0: Base on Balls
Batting: RHB Eugene Salazar 0-0: Ball
1-0: Grounds into double play, U6-3 (Groundball, 6M)
Bottom of the 8th over - 3 run(s), 2 hit(s), 0 error(s), 0 left on base; Georgetown 3 - Texas 16
TOP OF THE 9TH
Georgetown Hoyas batting - Pitching for Texas Longhorns : RHP Claudio Mata
Now at 1B: Jonathon Terry
Batting: SHB Emmett Kinch 0-0: Called Strike
0-1: Ball
1-1: Ball
2-1: SINGLE (Groundball, 34D)
Batting: LHB Matt Sullivan 0-0: Ball
1-0: Called Strike
1-1: Ball
2-1: Ball
3-1: Fly out, F5 (Popup, 5SF)
Batting: RHB Luis Flores 0-0: Ball
1-0: Ball
2-0: Called Strike
2-1: SINGLE (Groundball, 56)
Emmett Kinch to second
Batting: RHB Bob Lee 0-0: Ball
1-0: Grounds into double play, 6-4-3 (Groundball, 6)
Top of the 9th over - 0 run(s), 2 hit(s), 0 error(s), 1 left on base; Georgetown 3 - Texas 16
This league is powered by Out of the Park Baseball, the baseball management simulation game for PC, Mac and Linux
Saturday, April 9th, 2016 - OOTP Baseball 16.8 Build 38